 Dungeon Crawl Stone Soup version 0.26.0-10-g1f06aea511 (webtiles) character file.

Game seed: 2719528209251819298

83 funkygono the Skirmisher (level 4, -5/38 HPs)
             Began as a Barachi Fighter on Feb 4, 2021.
             Killed by divine providence
             ... invoked by an orc priest
              (13 damage)
             ... on level 3 of the Dungeon.
             The game lasted 00:02:47 (2208 turns).

funkygono the Skirmisher (Barachi Fighter)          Turns: 2208, Time: 00:02:47

Health: -5/38      AC: 10    Str: 18    XL:     4   Next: 44%
Magic:  4/4        EV:  7    Int:  9    God:
Gold:   82         SH:  9    Dex: 11    Spells: 3/3 levels left

rFire    . . .     SeeInvis .   a - +0 long sword
rCold    . . .     Faith    .   c - +0 kite shield
rNeg     . . .     Spirit   .   b - +0 scale mail
rPois    .         Reflect  .   k - +0 helmet
rElec    .         Harm     .   i - +1 cloak
rCorr    .         Rampage  .   (no gloves)
Will     .....                  (no boots)
Stlth    ..........             (no amulet)
HPRegen  0.12/turn              (no ring)
MPRegen  0.09/turn              (no ring)

@: slow
A: +LOS, swims, slowness 1, strong legs 1
a: Hop


You were on level 3 of the Dungeon.
You visited 1 branch of the dungeon, and saw 3 of its levels.

You collected 82 gold pieces.

Inventory:

Hand Weapons
 a - a +0 long sword (weapon)
Missiles
 e - 86 stones
 f - 11 sling bullets
Armour
 b - a +0 scale mail (worn)
 c - a +0 kite shield (worn)
 i - a +1 cloak (worn)
 k - a +0 helmet (worn)
Jewellery
 h - an uncursed ring of poison resistance {unknown}
Potions
 d - a potion of might
 g - a potion of heal wounds
 j - a potion of brilliance
 l - a potion of degeneration {unknown}
 n - a potion of lignification {unknown}
 o - a potion of flight {unknown}
 q - a potion of magic {unknown}


   Skills:
 + Level 4.3 Fighting
 + Level 3.6 Long Blades
 + Level 4.1 Armour
 + Level 0.8 Dodging
 + Level 0.3 Stealth
 + Level 3.8 Shields


You had 3 spell levels left.
You didn't know any spells.
Your spell library was empty.

Dungeon Overview and Level Annotations

Branches:
Dungeon (3/15)

Altars:
Cheibriados
Kikubaaqudgha
Yredelemnul


Innate Abilities, Weirdness & Mutations

You can be seen from farther away. (+LOS)
You can swim through water.
You cover ground slowly.
You can hop short distances.


Message History

The orc priest hits you but does no damage.
The orc priest closely misses you.
You closely miss the orc priest.
The orc priest hits you but does no damage.
You closely miss the orc priest. You block the orc priest's attack.
You barely miss the orc priest. The orc priest closely misses you.
You riposte.
You closely miss the orc priest.
You hit the orc priest but do no damage.
The orc priest mumbles some strange prayers to Beogh against you.
Beogh smites you!
* * * LOW HITPOINT WARNING * * *
You barely miss the orc priest.
The orc priest invokes the aid of Beogh against you.
You barely resist. You barely miss the orc priest.
The orc priest barely misses you.
You hit the orc priest.
The orc priest is moderately wounded.
The orc priest invokes the aid of Beogh against you.
Beogh smites you!
You die...

.# .. .# ... (# ##### ...
.## .....###)# ## ..+.
.......... ..
.##...........# .# # #.
.# ..........# .#.#....
## #.##..##.###........
#..........@o.......
######.##..#..###...###..
........................
######.##..........>#####
...........#..###.....
######..............##.
#########.....####..^. .
...........##.# ..## #
#############... ...


You could see an orc priest.

Vanquished Creatures
  3 adders (D:2)
  A worm (D:2)
  A leopard gecko (D:1)
  5 orcs
  2 giant cockroaches (D:1)
  4 goblins
  5 hobgoblins
  3 jackals (D:2)
  3 quokkas (D:2)
  A ball python (D:2)
  3 bats
  4 frilled lizards
  5 kobolds
  4 rats
44 creatures vanquished.

Notes
Turn   | Place    | Note
-------+----------+-------------------------------------------
     0 | D:1      | funkygono the Barachi Fighter began the quest for the Orb.
     0 | D:1      | Reached XP level 1. HP: 18/18 MP: 1/1
   277 | D:1      | Reached XP level 2. HP: 25/25 MP: 2/2
   690 | D:1      | You fall into a shaft and drop 1 floor!
   705 | D:2      | Reached XP level 3. HP: 29/30 MP: 3/3
  1349 | D:2      | Reached XP level 4. HP: 10/37 MP: 4/4
  1812 | D:2      | Found a basalt altar of Yredelemnul.
  1816 | D:2      | Found an ancient bone altar of Kikubaaqudgha.
  1824 | D:2      | Found a snail-covered altar of Cheibriados.
  2208 | D:3      | Killed from afar by an orc priest

Illustrated notes

Levels and vault maps discovered:
D:1:      lemuel_arrival_rhombus, layout_loops_ring
D:2:      layout_basic, minmay_overflow_temple_star_quad, grunt_decor_one_mirror
D:3:      layout_basic, nicolae_overflow_crystal_walls, uniq_jessica

Skill      XL: |  1  2  3 |
---------------+----------+-----
Fighting       | 4 |  4.3
Long Blades    | 3 |  3.6
Armour         | 4 |  4.1
Dodging        | |  0.8
Stealth        | |  0.3
Shields        | |  3.8

Action                   |  1- 3 |  4- 6 || total
-------------------------+-------+-------++-------
Melee: Long sword        |   122 |    56 ||   178
  Use: Scroll            |     3 |     4 ||     7
Armor: Scale mail        |   101 |    16 ||   117
Dodge: Dodged            |    41 |    11 ||    52
Block: Kite shield       |    76 |    24 ||   100
       Rpst.: Long sword |    10 |     4 ||    14
